 Dungeon Crawl Stone Soup version 0.22-a0-425-g89d60a1 (webtiles) character file.

16034 iamserjio the Nimble (level 12, -11/72 HPs)
             Began as a Felid Monk on May 24, 2018.
             Was the Champion of Cheibriados.
             Mangled by a catoblepas (19 damage)
             ... on level 6 of the Lair of Beasts.
             The game lasted 01:06:45 (21422 turns).

iamserjio the Nimble (Felid Monk)                  Turns: 21422, Time: 01:06:46

Health: -11/72     AC:  8    Str: 27    XL:     12   Next: 6%
Magic:  17/20      EV: 31    Int: 30    God:    Cheibriados [******]
Gold:   1457       SH:  0    Dex: 34    Spells: 15/19 levels left
                                        Lives:  0   Deaths: 4

rFire    x . .     SeeInvis +     - Unarmed
rCold    + + +     Gourm    .   (shield unavailable)
rNeg     . . .     Faith    .   (armour unavailable)
rPois    +         Spirit   .   (helmet unavailable)
rElec    .         Reflect  .   (cloak unavailable)
rCorr    .         Harm     .   (gloves unavailable)
MR       +....                  (boots unavailable)
Stlth    ++++++....             A - amulet of regeneration
HPRegen  0.62/turn              r - +6 ring of evasion
MPRegen  0.17/turn              z - +4 ring of strength

@: ice-form, studying Ice Magic, very slow
A: large, no armour, no weapons or thrown items, stealth, see invisible,
carnivore, slow metabolism 1
a: End Transformation, Bend Time, Temporal Distortion, Slouch, Step From Time,
Renounce Religion


You were on level 6 of the Lair of Beasts.
You worshipped Cheibriados.
Cheibriados was exalted by your worship.
You were completely stuffed.
You were a creature of crystalline ice.
You visited 3 branches of the dungeon, and saw 18 of its levels.
You also visited: Ossuary.

You collected 1457 gold pieces.

Inventory:

Missiles
 K - 103 arrows
Jewellery
 c - an uncursed ring of resist corrosion
 h - an uncursed amulet of magic regeneration
 l - a +3 ring of strength
 m - an uncursed ring of poison resistance
 n - an uncursed ring of flight
 r - a +6 ring of evasion (left front paw)
 v - an uncursed ring of magical power
 z - a +4 ring of strength (right front paw)
 A - an amulet of regeneration (around neck)
 J - an uncursed ring of protection from cold
 L - a +4 ring of intelligence
Wands
 t - a wand of enslavement (14)
 x - a wand of disintegration (23)
 G - a wand of digging (27)
 M - a wand of iceblast (7)
 Q - a wand of polymorph (6)
Scrolls
 d - 4 scrolls of fog
 i - 3 scrolls of immolation
 j - 3 scrolls of magic mapping
 q - 7 scrolls of remove curse
 u - 2 scrolls of blinking
 w - 3 scrolls of random uselessness {unknown}
 y - 2 scrolls of amnesia {unknown}
 F - 3 scrolls of fear {unknown}
 I - a scroll of holy word {unknown}
Potions
 b - 4 potions of agility
 e - a potion of heal wounds
 g - 2 potions of degeneration {unknown}
 k - 4 potions of lignification
 o - 10 potions of curing
 p - 5 potions of magic
 s - a potion of ambrosia
 B - 2 potions of invisibility
 C - 2 potions of brilliance {unknown}
 D - a potion of might {unknown}
 E - 5 potions of flight {unknown}
 H - 2 potions of berserk rage {unknown}
 P - a potion of resistance
Books
 N - a manual of Ice Magic
Miscellaneous
 O - a phial of floods (inert)
Comestibles
 a - 29 rations
 f - 4 chunks of flesh


   Skills:
 * Level 11.5 Fighting
 + Level 12.5 Dodging
 - Level 12.0 Stealth
 * Level 12.0 Unarmed Combat
 - Level 4.1 Spellcasting
 - Level 9.0 Transmutations
 - Level 8.0 Ice Magic
 + Level 9.4 Invocations


You had 15 spell levels left.
You knew the following spells:

 Your Spells              Type           Power        Failure   Level  Hunger
a - Ice Form              Ice/Tmut       ######..     1%          4    ####...

Your spell library contained the following spells:

 Spells                   Type           Power        Failure   Level  Hunger
 Magic Dart               Conj           #...         6%          1    None
 Bolt of Cold             Conj/Ice       ####......   88%         6    #######
 Freezing Cloud           Conj/Ice/Air   ###.......   97%         6    #######
 Iskenderun's Mystic Bla  Conj           #.......     54%         4    ####...
 Animate Dead             Necr           N/A          54%         4    ####...
 Pain                     Necr           #...         6%          1    None
 Animate Skeleton         Necr           N/A          6%          1    None
 Vampiric Draining        Necr           #.........   19%         3    ##.....
 Ozocubu's Refrigeration  Ice            ######....   34%         6    #######
 Regeneration             Chrm/Necr      #.........   19%         3    ##.....
 Metabolic Englaciation   Hex/Ice        ####......   34%         5    #####..
 Simulacrum               Ice/Necr       ####......   88%         6    #######
 Fulminant Prism          Conj/Hex       #.........   54%         4    ####...
 Dazzling Spray           Conj/Hex       #.....       19%         3    ##.....
 Force Lance              Conj/Tloc      #.......     54%         4    ####...
 Searing Ray              Conj           #.....       10%         2    None


Dungeon Overview and Level Annotations

Branches:
Dungeon (11/15)            Temple (1/1) D:6            Lair (6/6) D:11
 Shoals (0/4) Lair:2       Spider (0/4) Lair:2        Slime (0/5) Lair:6
    Orc: D:9-12

Altars:
Cheibriados
Dithmenos
Fedhas
Gozag
Kikubaaqudgha
Nemelex Xobeh
Qazlal
Ru
Trog
Uskayaw
Wu Jian
Zin
The Shining One
Jiyva

Shops:
D:7 (

Annotations:
Lair:2 2 transporters, exclusion: 2 oklob plants
Lair:4 1 runed door


Innate Abilities, Weirdness & Mutations

You cannot wear armour.
You are incapable of wielding weapons or throwing items.
Your paws allow you to move quietly. (Stealth)
((You have sharp claws.))
((You have razor-sharp teeth.))
You have supernaturally acute eyesight. (SInv)
You are carnivorous and can eat meat at any time.
((You cover ground quickly.))
((Your thick and shaggy fur keeps you warm. (AC +3, rC+)))
You have a slow metabolism.
((Your sharp claws are effective at attacking unaware monsters.))


Message History

You punch the catoblepas! You freeze the catoblepas.
The catoblepas is moderately wounded.
The catoblepas breathes a plume of calcifying dust at you.
The blast of calcifying dust hits you! The catoblepas gores you!!!
Ouch! That really hurt!
You pummel the catoblepas!! You freeze the catoblepas.
The catoblepas is severely wounded.
The catoblepas breathes a plume of calcifying dust at you.
The blast of calcifying dust hits you!
The catoblepas breathes a plume of calcifying dust at you.
The blast of calcifying dust hits you!
The catoblepas breathes a plume of calcifying dust at you.
The blast of calcifying dust hits you!
The catoblepas breathes a plume of calcifying dust at you.
The blast of calcifying dust hits you! The catoblepas gores you!!
* * * LOW HITPOINT WARNING * * *
The catoblepas gores you!!
You die...

##...## ###...... #.........
###.Y## #...##. #......... ##..P#
##.§### ##........ #...## #.§#
### #........ ##...###.# ###.##
#........ #........####§.§.##
#........
#†.###.....##§§§...###........
#Y.## ###...#Y§§§§.# #.........
.... ##....Y##..# #.........
.8.## ###.###...# #......... Y..
#######...####......... 8.
#..###...## #.......... ..
##......## ##..........
###......###...........
###......8...............
#######....8...................
###..........÷..8................


You could see a catoblepas.

Vanquished Creatures
  Gastronok (Lair:1)
  Snorg (D:11)
  Josephine (Lair:6)
  3 hydras
  A catoblepas (Lair:6)
  A two-headed ogre (D:10)
  4 death yaks
  Urug (D:10)
  2 unseen horrors
  Pikel (D:8)
  2 manticores (Lair:6)
  An ugly thing (D:8)
  2 merfolk sirens (Lair:2)
  13 elephants
  Psyche (D:9)
  4 black mambas
  7 spiny frogs
  2 rime drakes (D:10)
  8 komodo dragons
  A troll (D:11)
  6 jumping spiders (Lair:2)
  2 merfolk (Lair:2)
  A polar bear (Lair:5)
  A queen bee (D:8)
  A hornet (D:10)
  5 blink frogs
  12 dream sheep
  10 hippogriffs
  Sigmund (D:6)
  36 yaks
  4 redbacks (Lair:2)
  5 wraiths
  A basilisk (Lair:2)
  A wyvern (Lair:3)
  A hungry ghost (D:11)
  19 water moccasins
  Duvessa (D:4)
  8 orc warriors
  6 porcupines
  4 ice beasts
  5 sky beasts
  A necrophage (D:6)
  5 black bears
  3 phantoms
  8 ogres
  19 wolves
  2 centaurs
  7 crocodiles
  A big kobold (D:7)
  Blork the orc (D:4)
  12 bullfrogs
  3 scorpions (D:6)
  A water moccasin skeleton (D:10)
  Dowan (D:4)
  18 killer bees
  9 wights
  2 howler monkeys (D:5)
  A vampire bat (Lair:1)
  3 crimson imps
  3 centaur zombies
  4 hounds
  2 jellies
  8 orc wizards
  11 orc priests
  A centaur skeleton (D:11)
  3 iguanas
  6 worker ants
  8 mummies (Ossuary)
  A worker ant zombie (D:11)
  7 gnolls
  16 adders
  3 shadow imps
  2 dart slugs (D:1)
  3 worms
  8 leopard geckos
  41 orcs
  10 bats
  7 giant cockroaches
  A gnoll zombie (Ossuary)
  6 goblins
  9 hobgoblins
  16 jackals
  A quokka (D:6)
  2 ball pythons
  4 frilled lizards
  6 kobolds
  A kobold zombie (Ossuary)
  A leopard gecko skeleton (D:8)
  6 orc zombies (Ossuary)
  A quokka skeleton (D:3)
  3 quokka zombies
  2 rats (D:1)
487 creatures vanquished.

Vanquished Creatures (collateral kills)
  A yak (Lair:6)
1 creature vanquished.

Vanquished Creatures (others)
  A slave (D:8)
  A wight (D:8)
  2 orc wizards (D:8)
  3 jackals (D:8)
  4 fungi
  10 plants
21 creatures vanquished.

Grand Total: 509 creatures vanquished

Notes
Turn   | Place    | Note
-------+----------+-------------------------------------------
     0 | D:1      | iamserjio the Felid Monk began the quest for the Orb.
     0 | D:1      | Reached XP level 1. HP: 10/10 MP: 2/2
    48 | D:1      | Found a sparkling altar of Nemelex Xobeh.
   420 | D:1      | Reached XP level 2. HP: 10/14 MP: 3/3
  1009 | D:2      | Reached XP level 3. HP: 12/17 MP: 4/4
  1718 | D:2      | Reached skill level 5 in Dodging
  2493 | D:3      | Reached XP level 4. HP: 21/21 MP: 5/5
  2740 | D:4      | Noticed Duvessa
  2741 | D:4      | Noticed Dowan
  3644 | D:4      | Noticed Blork the orc
  3684 | D:4      | HP: 1/21 [Blork the orc/puff of flame (4)]
  3688 | D:4      | Killed from afar by Blork the orc
  3689 | D:4      | Reached XP level 3. HP: -4/17 MP: 4/4
  3824 | D:4      | Killed Blork the orc
  3824 | D:4      | Reached XP level 4. HP: 14/22 MP: 5/5
  4042 | D:4      | Killed Dowan
  4042 | D:4      | Reached XP level 5. HP: 20/25 MP: 6/6
  5087 | D:3      | Found a faded altar of an unknown god.
  5812 | D:4      | Killed Duvessa
  5812 | D:4      | Reached skill level 5 in Unarmed Combat
  5812 | D:4      | Gained mutation: You are covered in thick fur. (AC +2) [Felid growth]
  5812 | D:4      | Reached XP level 6. HP: 18/28 MP: 7/7
  6152 | D:5      | Entered Level 5 of the Dungeon
  6172 | D:5      | Reached skill level 5 in Stealth
  6267 | D:5      | Learned a level 4 spell: Ice Form
  6318 | D:5      | Reached XP level 7. HP: 33/33 MP: 8/8
  6357 | D:5      | Reached skill level 1 in Transmutations
  7028 | D:5      | Reached XP level 8. HP: 36/36 MP: 9/9
  7289 | D:5      | Reached skill level 5 in Fighting
  7353 | D:6      | Noticed Sigmund
  7360 | D:6      | Killed Sigmund
  7369 | D:6      | Found a sand-covered staircase.
  7375 | Ossuary  | Entered an ossuary
  8555 | D:6      | Reached XP level 9. HP: 18/40 MP: 10/10
  8676 | D:6      | Found a staircase to the Ecumenical Temple.
  8695 | Temple   | Entered the Ecumenical Temple
  8785 | Temple   | Became a worshipper of Cheibriados the Contemplative
  8785 | Temple   | Reached * piety under Cheibriados
  8785 | Temple   | Reached ** piety under Cheibriados
  9242 | D:7      | Reached skill level 1 in Invocations
  9898 | D:7      | Reached skill level 5 in Transmutations
 10078 | D:7      | Found Fucugh Hyinn's Antique Weapon Shop.
 10309 | D:7      | Reached skill level 1 in Ice Magic
 10500 | D:8      | Reached *** piety under Cheibriados
 10835 | D:8      | Noticed Pikel
 10843 | D:8      | Killed Pikel
 10843 | D:8      | Reached XP level 10. HP: 45/45 MP: 8/13
 11174 | D:8      | Reached skill level 1 in Spellcasting
 11198 | D:8      | Reached **** piety under Cheibriados
 11202 | D:8      | Noticed a green ugly thing
 11250 | D:8      | Killed a green ugly thing
 11619 | D:9      | Noticed Psyche
 11630 | D:9      | Killed Psyche
 11803 | D:9      | Found an ancient bone altar of Kikubaaqudgha.
 11841 | D:9      | Reached skill level 10 in Unarmed Combat
 12572 | D:10     | Entered Level 10 of the Dungeon
 12588 | D:10     | Noticed Urug
 12590 | D:10     | Killed Urug
 12654 | D:10     | Reached ***** piety under Cheibriados
 12878 | D:10     | Reached XP level 11. HP: 22/49 MP: 10/16
 12945 | D:10     | Noticed an ice dragon
 13051 | D:10     | Noticed an unseen horror
 13070 | D:10     | Killed an unseen horror
 13211 | D:10     | Noticed a two-headed ogre
 13228 | D:10     | Killed a two-headed ogre
 13228 | D:10     | Reached skill level 5 in Invocations
 13718 | D:11     | Noticed Snorg
 13897 | D:11     | Found a staircase to the Lair.
 13983 | D:11     | Noticed an unseen horror
 14013 | D:11     | Killed an unseen horror
 14145 | D:11     | HP: 2/61 [orc priest/divine providence (9)]
 14443 | D:11     | Killed Snorg
 14443 | D:11     | Reached skill level 10 in Dodging
 14679 | Lair:1   | Entered Level 1 of the Lair of Beasts
 14779 | Lair:1   | Reached skill level 10 in Stealth
 14787 | Lair:1   | Gained mutation: Your thick and shaggy fur keeps you warm. (AC +3, rC+) [Felid growth]
 14787 | Lair:1   | Reached XP level 12. HP: 47/55 MP: 18/18
 14892 | Lair:1   | Noticed Gastronok
 14904 | Lair:1   | Killed Gastronok
 15657 | Lair:2   | Reached ****** piety under Cheibriados
 15683 | Lair:2   | Found a hole to the Spider Nest.
 15806 | Lair:2   | Found a staircase to the Shoals.
 15817 | Lair:2   | Slain by a merfolk
 15818 | Lair:2   | Reached XP level 11. HP: 0/62 MP: 18/18
 15952 | Lair:2   | Found a transporter.
 16050 | Lair:2   | Reached skill level 5 in Ice Magic
 16072 | Lair:2   | Found a transporter.
 16332 | Lair:2   | Noticed an oklob plant
 16804 | Lair:3   | Noticed a five-headed hydra
 16812 | Lair:2   | Reached XP level 12. HP: 57/57 MP: 19/19
 16887 | Lair:3   | Killed a five-headed hydra
 17449 | Lair:4   | Noticed a six-headed hydra
 17456 | Lair:4   | Killed a six-headed hydra
 17710 | Lair:4   | Found a runed door.
 18045 | Lair:4   | Reached skill level 10 in Fighting
 18743 | Lair:5   | Noticed a four-headed hydra
 18751 | Lair:5   | Killed a four-headed hydra
 19171 | Lair:6   | Entered Level 6 of the Lair of Beasts
 19361 | Lair:6   | Noticed Josephine
 19568 | Lair:6   | Reached XP level 13. HP: 62/62 MP: 16/20
 19839 | Lair:6   | Found a viscous altar of Jiyva.
 19839 | Lair:6   | Found a staircase to the Slime Pits.
 20400 | Lair:6   | Killed Josephine
 20572 | Lair:6   | Slain by a catoblepas
 20573 | Lair:6   | Reached XP level 12. HP: -2/72 MP: 19/19
 20590 | Lair:6   | Noticed a death yak
 20739 | Lair:6   | Noticed a death yak
 20740 | Lair:6   | Noticed a death yak
 20759 | Lair:6   | Killed a death yak
 20977 | Lair:6   | Mangled by a catoblepas
 20978 | Lair:6   | Reached XP level 11. HP: -8/66 MP: 16/18
 21215 | Lair:6   | Killed a catoblepas
 21235 | Lair:5   | Killed a death yak
 21326 | Lair:6   | Killed a death yak
 21326 | Lair:6   | Reached XP level 12. HP: 60/60 MP: 16/20
 21404 | Lair:6   | Noticed a catoblepas
 21422 | Lair:6   | Mangled by a catoblepas

Vault maps used:
D:1:      dpeg_arrival_round_c, kennysheep_pointless_box,
          nemelex_xobeh_ov_fountains_minmay
D:3:      chequers_ecumenical_altar_simple_redux, serial_glass, glass_columns_c,
          glass_columns_a, glass_columns_a, glass_columns_c, glass_columns_b,
          glass_columns_a, glass_columns_a
D:4:      grunt_decor_resistance, minmay_misc_feat_four_crosses, uniq_duvessa,
          uniq_blork_the_orc
D:5:      first_ration
D:6:      temple_statues, enter_ossuary_5, uniq_sigmund
D:7:      serial_shops, shop
D:8:      david_nohive_1, uniq_pikel
D:9:      kennysheep_little_box, serial_bayou_lagoon_a, grunt_decor_arrowhead,
          uniq_psyche
D:10:     minmay_coctagon, uniq_urug
D:11:     david_lair_shrubbed, uniq_snorg
Temple:   kilobyte_greek_temple
Lair:1:   roderic_batcave, st_stairs_6, uniq_gastronok
Lair:2:   gammafunk_cloud_chamber, elwin_shoals_entry_stream,
          nicolae_spider_entry_tight_spaces, grunt_megastairs_4,
          minmay_lair_oklob_chamber
Lair:3:   grunt_megastairs_1
Lair:4:   pf_torpor_hydra
Lair:5:   patterned_corridor, infiniplex_staircase_pool
Lair:6:   evilmike_catoblepas_cave, dpeg_slime_entry_enclosed_altar,
          serial_bayou_shore_b, uniq_josephine
Ossuary:  ossuary_tomb_3

Skill      XL: |  1  2  3  4  5  6  7  8  9 10 11 12 13 |
---------------+----------------------------------------+-----
Dodging        | 5 6 8 10 12 | 12.5
Unarmed Combat | 4 5 6 7 9 10 12 | 12.0
Stealth        | 3 4 5 6 7 8 9 11 12 | 12.0
Fighting       | 4 5 6 7 9 10 11 | 11.5
Transmutations | 2 4 5 6 7 9 |  9.0
Invocations    | 2 4 8 7 9 |  9.4
Ice Magic      | 1 2 5 7 8 |  8.0
Spellcasting   | 2 3 4 |  4.1

Action                   |  1- 3 |  4- 6 |  7- 9 | 10-12 | 13-15 || total
-------------------------+-------+-------+-------+-------+-------++-------
Melee: Unarmed           |    80 |   161 |   386 |   761 |   105 ||  1493
       Bite              |     4 |    14 |    53 |    63 |     4 ||   138
       Punch             |       |     7 |    21 |    28 |     3 ||    59
 Cast: Ice Form          |       |       |     1 |    46 |     8 ||    55
Invok: Slouch            |       |       |       |     3 |       ||     3
Evoke: Wand              |       |       |       |     5 |       ||     5
       Phial of floods   |       |       |       |     2 |       ||     2
  Use: Scroll            |       |     3 |     6 |    18 |     1 ||    28
       Potion            |       |       |       |     7 |       ||     7
 Stab: Sleeping          |     8 |     8 |    10 |    36 |     1 ||    63
       Distracted        |       |     1 |     6 |     5 |     1 ||    13
  Eat: Chunk             |     6 |    11 |    13 |    42 |     3 ||    75
Armor: Skin              |     1 |     1 |     4 |    66 |    10 ||    82
Dodge: Dodged            |    52 |   117 |   339 |   890 |   122 ||  1520

Table legend:
 A = Spawn XP
 B = Non-spawn XP
 C = Spawn XP percentage of total XP
 D = Spawn monster count
 E = Non-spawn monster count
 F = Spawn count percentage of total count
 G = Total turns spent on level
                    A         B        C        D         E        F      G
               +---------+---------+-------+---------+---------+-------+---------
         Total |       0 |   71516 |   0.0 |       0 |     488 |   0.0 | 21422
               +---------+---------+-------+---------+---------+-------+---------
           D:1 |       0 |      35 |   0.0 |       0 |      18 |   0.0 |   919
           D:2 |       0 |      43 |   0.0 |       0 |       9 |   0.0 |  1771
           D:3 |       0 |     169 |   0.0 |       0 |      31 |   0.0 |  1453
           D:4 |       0 |     340 |   0.0 |       0 |      11 |   0.0 |  2009
           D:5 |       0 |    1136 |   0.0 |       0 |      28 |   0.0 |  1838
           D:6 |       0 |    1448 |   0.0 |       0 |      22 |   0.0 |   884
           D:7 |       0 |    1338 |   0.0 |       0 |      24 |   0.0 |  1272
           D:8 |       0 |    3194 |   0.0 |       0 |      41 |   0.0 |  1050
           D:9 |       0 |    1701 |   0.0 |       0 |      21 |   0.0 |  1033
          D:10 |       0 |    5419 |   0.0 |       0 |      33 |   0.0 |  1071
          D:11 |       0 |    5744 |   0.0 |       0 |      52 |   0.0 |  1036
        Lair:1 |       0 |    4850 |   0.0 |       0 |      20 |   0.0 |   892
        Lair:2 |       0 |    8502 |   0.0 |       0 |      39 |   0.0 |  1190
        Lair:3 |       0 |    4166 |   0.0 |       0 |      17 |   0.0 |   497
        Lair:4 |       0 |    5175 |   0.0 |       0 |      16 |   0.0 |  1195
        Lair:5 |       0 |    7359 |   0.0 |       0 |      23 |   0.0 |   898
        Lair:6 |       0 |   20738 |   0.0 |       0 |      67 |   0.0 |  2071
       Ossuary |       0 |     159 |   0.0 |       0 |      16 |   0.0 |   222
               +---------+---------+-------+---------+---------+-------+---------
